 Dungeon Crawl Stone Soup version 0.30-a0-358-g0d69a1922f (webtiles) character file.

Game seed: 5208401599368626055

343 Kinoniko the Chopper (level 6, -2/93 HPs)
             Began as an Ogre Berserker on Nov 9, 2022.
             Was a Believer of Trog.
             Slain by an ogre
             ... wielding a +0 giant club
              (21 damage)
             ... on level 4 of the Dungeon.
             The game lasted 00:03:16 (2986 turns).

Kinoniko the Chopper (Ogre Berserker)               Turns: 2986, Time: 00:03:16

Health: -2/93      AC:  5    Str: 24    XL:     6   Next: 57%
Magic:  15/15      EV: 10    Int:  8    God:    Trog [**....]
Gold:   123        SH:  0    Dex: 14    Spells: 5/5 levels left

rFire   . . .      SeeInvis .    a - +0 hand axe
rCold   . . .      Faith    .    (no shield)
rNeg    . . .      Spirit   .    b - +0 animal skin
rPois   .          Reflect  .    (helmet restricted)
rElec   .          Harm     .    t - +1 cloak
rCorr   .          Rampage  .    (gloves unavailable)
Will    .....                    (boots unavailable)
Stlth   ..........               (no amulet)
HPRegen 0.35/turn                s - ring of magical power
MPRegen 0.14/turn                f - +6 ring of dexterity

@: berserking, very quick
A: large, unfitting armour, tough skin 1
a: Renounce Religion, Berserk, Trog's Hand


You were on level 4 of the Dungeon.
You worshipped Trog.
Trog was pleased with you.
You visited 1 branch of the dungeon, and saw 4 of its levels.

You collected 153 gold pieces.
You spent 30 gold pieces at shops.

Inventory:

Hand Weapons
 a - a +0 hand axe (weapon)
Armour
 b - a +0 animal skin (worn)
 t - a +1 cloak (worn)
Jewellery
 f - a +6 ring of dexterity (right hand)
 s - a ring of magical power (left hand)
Scrolls
 e - 2 scrolls of vulnerability
 i - 3 scrolls of teleportation
 l - a scroll of magic mapping
 n - a scroll of poison
 o - a scroll of blinking
Potions
 c - 2 potions of brilliance {unknown}
 d - a potion of berserk rage {unknown}
 j - 3 potions of curing
 p - 6 potions of lignification {unknown}
 q - a potion of might {unknown}
 r - a potion of degeneration {unknown}
 u - a potion of haste {unknown}


   Skills:
 - Level 4.0 Fighting
 * Level 7.2 Axes
 - Level 2.6 Dodging


You had 5 spell levels left.
You didn't know any spells.
Your spell library was empty.

Dungeon Overview and Level Annotations

Branches:
Dungeon (4/15)
 Temple: D:4-7

Altars:

Shops:
D:1 (   D:4 !


Innate Abilities, Weirdness & Mutations

You are too large for most types of armour.
You have tough skin. (AC +1)


Message History

There is an open door here.
Items here: ))) [.
You slash the dart slug!
You kill the dart slug!
Trog accepts your kill.
You start resting.
You feel a strong urge to attack something.
You start resting.
You are no longer berserk.
You are exhausted.
You feel yourself slow down.
You start resting.
You feel yourself speed up.
You start resting.
You recover from your berserk rage.
An ogre comes into view. It is wielding a +0 giant club.
An ogre is nearby!
You hit the ogre but do no damage.
A ball python comes into view.
The ogre barely misses you.
The ball python hisses angrily.
You hit the ogre.
The ogre is lightly wounded.
The ogre hits you with a +0 giant club!!
Ouch! That really hurt!
You are too injured to fight recklessly!
You are too injured to fight recklessly!
You are too injured to fight recklessly!
A red film seems to cover your vision as you go berserk!
You feel yourself moving faster!
You feel mighty!
You hit the ogre.
The ogre is lightly wounded.
The ogre hits you with a +0 giant club!!
* * * LOW HITPOINT WARNING * * *
You barely miss the ogre.
The ogre is lightly wounded.
You closely miss the ogre.
The ogre is lightly wounded.
The ogre hits you with a +0 giant club!!
You die...

,,,,,,,**....#######'###...##
,,,,,,,,,.........).........#
,,,,,,,,,...................#
,,,,,,,,,...................#
*********...####)###†.#######***
**,,,****...####..##..##.#***,,**
,,,,,,,,,................#,,,,,,*
,,,,,,,,,................#,,,,,,*
,,,,,,,,,.......@.......∩#,,,,,,*
,,,,,,,,,.......O........#,,,,,,*
**,,,,,,,.......S...[....#,,,,,,*
**,,,***,...##....##.....#*,,,,**
**,,,***,...*#....##.....#*,,,,,,
,,,,,,,,,..,+.............,,,,,,,
,,,,,,,,,,,,#.............,,,,,,,
,,,,,,,,,,,,#.............,,,,,,,
**,,****,**,****,<**,******,,**,*


You could see an ogre and a ball python.

Vanquished Creatures
  3 scorpions
  An orc wizard (D:4)
  5 adders
  2 worms
  3 dart slugs
  3 orcs (D:4)
  7 ball pythons
  5 endoplasms
  3 giant cockroaches (D:1)
  11 goblins
  5 hobgoblins
  6 jackals
  3 quokkas
  4 bats
  3 frilled lizards
  6 kobolds
  4 rats
74 creatures vanquished.

Notes
Turn   | Place    | Note
-------+----------+-------------------------------------------
     0 | D:1      | Kinoniko the Ogre Berserker began the quest for the Orb.
     0 | D:1      | Reached XP level 1. HP: 24/24 MP: 1/1
    30 | D:1      | Found Cuagg's Weapon Boutique.
    88 | D:1      | Reached XP level 2. HP: 32/32 MP: 2/2
   431 | D:1      | Reached skill level 4 in Axes
   446 | D:1      | Reached XP level 3. HP: 31/39 MP: 3/3
   774 | D:1      | Found a faded altar of an unknown god.
  1024 | D:2      | Reached ** piety under Trog
  1379 | D:2      | Reached XP level 4. HP: 42/48 MP: 4/4
  1643 | D:3      | Noticed a scorpion
  1651 | D:3      | Killed a scorpion
  1652 | D:3      | Reached skill level 5 in Axes
  1652 | D:3      | Reached XP level 5. HP: 54/54 MP: 5/5
  2367 | D:3      | Reached skill level 6 in Axes
  2845 | D:4      | Found Kuavaegh's Distillery.
  2853 | D:4      | Bought a potion of curing for 30 gold pieces
  2874 | D:4      | Reached XP level 6. HP: 48/62 MP: 6/6
  2924 | D:4      | Reached skill level 7 in Axes
  2986 | D:4      | Slain by an ogre

Illustrated notes

Levels and vault maps discovered:
D:1:      scummos_arrival_simple_fountains, layout_loops_ring, serial_shops,
          shop, dilly_ecumenical_altar_fadedgnrine
D:2:      layout_basic, minmay_tree_intersection, minmay_misc_feat_alley,
          minmay_randomly_rotated_circles
D:3:      layout_loops_corners, minmay_surrounded
D:4:      layout_gridville, serial_shops, shop, minmay_cut_off, uniq_ijyb

Skill      XL: |  1  2  3  4  5  6 |
---------------+-------------------+-----
Axes           | 4 5 6 7 |  7.2
Fighting       | |  4.0
Dodging        | |  2.6

Action                   |  1- 3 |  4- 6 || total
-------------------------+-------+-------++-------
Melee: Hand axe          |   110 |   121 ||   231
       Punch             |     2 |     2 ||     4
Invok: Berserk           |     1 |     4 ||     5
  Use: Scroll            |       |     9 ||     9
       Potion            |       |     1 ||     1
 Stab: Sleeping          |     1 |       ||     1
Armor: Animal skin       |    33 |    32 ||    65
Dodge: Dodged            |    48 |    58 ||   106

Table legend: (Time is in decaauts)
 A = Elapsed time spent in this place.
 B = Non-inter-level travel time spent in this place.
 C = Inter-level travel time spent in this place.
 D = Time resting spent in this place.
 E = Time spent auto-exploring this place.
 F = Levels seen in this place.
 G = Mean time per level.
                   A        B        C        D        E       F      G
               +--------+--------+--------+--------+--------+-----+--------+
         Total |   3025 |   2963 |     62 |    153 |   2335 |   4 |  756.2 |
       Dungeon |   3025 |   2963 |     62 |    153 |   2335 |   4 |  756.2 |
               +--------+--------+--------+--------+--------+-----+--------+

Top non-repeatable levels by time:
     D:3: 1257 daAuts
     D:1: 917 daAuts
     D:2: 703 daAuts
     D:4: 147 daAuts
